 Dungeon Crawl Stone Soup version 0.23-a0-512-g50a8178 (webtiles) character file.

7072 zishaf the Covert (level 11, 0/71 HPs)
             Began as a Kobold Assassin on Dec 4, 2018.
             Was a Believer of Uskayaw.
             Slain by a hornet (11 damage)
             ... on level 8 of the Dungeon.
             The game lasted 00:39:53 (13428 turns).

zishaf the Covert (Kobold Assassin)                Turns: 13428, Time: 00:39:54

Health: 0/71       AC: 13    Str: 12    XL:     11   Next: 30%
Magic:  15/15      EV: 16    Int: 16    God:    Uskayaw [**....]
Gold:   342        SH:  0    Dex: 16    Spells: 10/10 levels left

rFire    . . .     SeeInvis .   a - +4 dagger
rCold    + . .     Gourm    .   (shield restricted)
rNeg     . . .     Faith    .   J - +2 ring mail {rC+}
rPois    .         Spirit   .   (no helmet)
rElec    .         Reflect  .   d - +1 cloak
rCorr    +         Harm     .   I - +0 pair of gloves
MR       .....                  j - +0 pair of boots
Stlth    ++++......             (no amulet)
HPRegen  0.21/turn              o - +3 ring of intelligence
MPRegen  0.14/turn              A - ring of resist corrosion

@: no status effects
A: small, carnivore
a: Stomp, Line Pass, Renounce Religion


You were on level 8 of the Dungeon.
You worshipped Uskayaw.
Uskayaw was noncommittal.
You were completely stuffed.

You visited 2 branches of the dungeon, and saw 9 of its levels.
You also visited: Sewer and Bailey.

You collected 342 gold pieces.

Inventory:

Hand Weapons
 a - a +4 dagger (weapon)
 b - a +0 blowgun
 K - a +2 dagger of speed
Missiles
 e - 31 poisoned needles
 i - 64 sling bullets
 l - a curare-tipped needle
 v - 167 stones (quivered)
Armour
 d - a +1 cloak (worn)
 h - a +0 troll leather armour
 j - a +0 pair of boots (worn)
 y - a +1 robe of fire resistance
 C - a +0 plate armour
 I - a +0 pair of gloves (worn)
 J - a +2 ring mail of cold resistance (worn)
Jewellery
 o - a +3 ring of intelligence (left hand)
 A - a ring of resist corrosion (right hand)
Wands
 E - a wand of iceblast (23)
 L - a wand of acid (6)
Scrolls
 c - 3 scrolls of fog
 k - 3 scrolls of amnesia
 m - 4 scrolls of remove curse
 s - 4 scrolls of enchant weapon
 u - a scroll of magic mapping {unknown}
 x - 3 scrolls of immolation
Potions
 f - a potion of cancellation {unknown}
 n - 4 potions of heal wounds {unknown}
 p - 2 potions of mutation {unknown}
 q - a potion of berserk rage {unknown}
 r - 2 potions of lignification {unknown}
 t - a potion of resistance
 z - 4 potions of flight {unknown}
 D - 2 potions of magic {unknown}
 F - a potion of haste {unknown}
 G - 2 potions of brilliance
 H - a potion of curing
Comestibles
 g - 18 rations
 w - 3 chunks of flesh


   Skills:
 + Level 9.3 Fighting
 - Level 10.0 Short Blades
 + Level 2.1 Throwing
 + Level 5.9 Armour
 - Level 5.0 Dodging
 - Level 10.0 Stealth
 + Level 5.2 Invocations
 - Level 6.0 Evocations


You had 10 spell levels left.
You didn't know any spells.
Your spell library contained the following spells:

 Spells                   Type           Power        Failure   Level  Hunger
 Corona                   Hex            #......      45%         1    ##.....
 Slow                     Hex            #.......     61%         2    ###....
 Inner Flame              Hex/Fire       #.......     83%         3    ####...
 Portal Projectile        Hex/Tloc       #.....       83%         3    ####...
 Cause Fear               Hex            #.........   99%         4    #####..
 Leda's Liquefaction      Hex/Erth       #.........   99%         4    #####..


Dungeon Overview and Level Annotations

Branches:
Dungeon (8/15)             Temple (1/1) D:7
   Lair: D:8-11

Altars:
Dithmenos
Elyvilon
Fedhas
Nemelex Xobeh
Okawaru
Qazlal
Uskayaw
Zin

Shops:
D:6 (   D:8 (


Innate Abilities, Weirdness & Mutations

You are small and have problems with some larger weapons.
You are carnivorous and can eat meat at any time.


Message History

The hornet closely misses you.
The hornet stings you but does no damage.
You hit the hornet.
The hornet is almost dead.
The hornet closely misses you.
You hit the hornet but do no damage.
The hornet is almost dead.
The hornet closely misses you.
You hit the hornet but do no damage.
The hornet is almost dead.
The hornet stings you!
* * * LOW HITPOINT WARNING * * *
You suddenly lose the ability to move!
You feel yourself speed up.
The hornet stings you but does no damage.
You can move again.
You hit the hornet.
The hornet is almost dead.
The hornet stings you!
You die...

#.#....(.....#.......
#.#..........#.).....
#....................
##....#.....#.........
##....##.....##........
.######..#[##..#.#..##.#.....
........##....##.##....##....
.#..#..##..#.##...##.#.[##...
##.......##@........##......
#....#.##y.#.....#..##.#...
##..##....##.....##....##..
#.##..#.##..#.#..##.#..##.
#....##....##.##....##....
#...##....##...##....##...
.......................(
.##....##...##....##...
.##....##.##....##....


You could see a hornet.

Vanquished Creatures
  Harold (D:8)
  A two-headed ogre (D:8)
  Erica (D:8)
  Joseph (D:8)
  A troll (D:6)
  Sigmund (D:2)
  A spriggan (D:8)
  A hungry ghost (D:7)
  A steam dragon (D:8)
  An orc warrior (D:6)
  3 sky beasts
  4 ice beasts
  3 phantoms
  3 centaurs
  4 ogres
  A big kobold (D:6)
  3 bullfrogs
  A water moccasin skeleton (D:6)
  2 scorpions
  14 killer bees
  A howler monkey (D:7)
  8 wights (D:8)
  3 crimson imps (D:6)
  A jelly (D:6)
  2 orc priests
  2 centaur skeletons
  5 hounds
  4 orc wizards
  2 iguanas (D:6)
  4 worker ants
  2 hound skeletons
  2 gnolls (Bailey)
  11 adders
  4 shadow imps
  An ooze (D:4)
  An adder zombie (D:6)
  3 adder skeletons
  3 worms
  5 dart slugs
  5 leopard geckos
  27 orcs
  4 ball pythons
  10 bats
  3 giant cockroaches
  11 goblins
  7 hobgoblins
  11 jackals
  18 kobolds
  2 quokkas
  10 frilled lizards
  A jackal zombie (D:6)
  2 leopard gecko skeletons
  6 rats
  9 plants (Sewer)
238 creatures vanquished.

Vanquished Creatures (others)
  A plant (Sewer)
1 creature vanquished.

Grand Total: 239 creatures vanquished

Notes
Turn   | Place    | Note
-------+----------+-------------------------------------------
     0 | D:1      | zishaf the Kobold Assassin began the quest for the Orb.
     0 | D:1      | Reached XP level 1. HP: 12/12 MP: 1/1
    90 | D:1      | Reached XP level 2. HP: 18/18 MP: 2/2
   250 | D:1      | Reached XP level 3. HP: 22/22 MP: 3/3
   809 | D:2      | Noticed a scorpion
   813 | D:2      | Killed a scorpion
   813 | D:2      | Reached XP level 4. HP: 27/27 MP: 4/4
   815 | D:2      | Noticed Sigmund
  1190 | D:1      | Reached XP level 5. HP: 27/32 MP: 5/5
  1450 | D:2      | You fall through a shaft for 2 floors!
  1451 | D:4      | Noticed a phantom
  1553 | D:4      | Found a sparkling altar of Nemelex Xobeh.
  2052 | D:3      | Reached skill level 5 in Short Blades
  2052 | D:3      | Reached XP level 6. HP: 28/37 MP: 6/6
  2606 | D:2      | Killed Sigmund
  2606 | D:2      | Reached XP level 7. HP: 20/41 MP: 7/7
  5041 | D:5      | Entered Level 5 of the Dungeon
  5081 | D:5      | Reached XP level 8. HP: 15/48 MP: 8/8
  5224 | D:5      | Found a blossoming altar of Fedhas.
  5315 | D:5      | Found a white marble altar of Elyvilon.
  5394 | D:5      | Found a glowing drain.
  5406 | Sewer    | Entered a sewer
  8167 | D:6      | HP: 1/48 [orc/+0 flail (6)]
  8211 | D:6      | HP: 2/48 [something (5)]
  8703 | D:6      | Noticed a troll
  8706 | D:6      | Reached skill level 5 in Dodging
  9055 | D:5      | Reached skill level 10 in Stealth
  9423 | D:6      | Killed a troll
  9423 | D:6      | Reached skill level 5 in Fighting
  9423 | D:6      | Reached skill level 1 in Armour
  9423 | D:6      | Reached skill level 1 in Evocations
  9423 | D:6      | Reached XP level 9. HP: 22/54 MP: 8/10
 10180 | D:6      | Reached skill level 10 in Short Blades
 10477 | D:6      | Found Tousmus's Antique Weapon Shoppe.
 10654 | D:7      | Reached XP level 10. HP: 45/61 MP: 13/13
 11183 | D:7      | Found a white marble altar of Elyvilon.
 11330 | D:7      | Reached skill level 5 in Evocations
 11875 | D:7      | Found a staircase to the Ecumenical Temple.
 11911 | Temple   | Entered the Ecumenical Temple
 11940 | Temple   | Became a worshipper of Uskayaw the Reveler
 12226 | D:8      | Found Riugraag's Weapon Shoppe.
 12239 | D:8      | Reached * piety under Uskayaw
 12242 | D:8      | Reached ** piety under Uskayaw
 12255 | D:8      | Reached *** piety under Uskayaw
 12358 | D:8      | Reached **** piety under Uskayaw
 12362 | D:8      | Reached skill level 1 in Invocations
 12376 | D:8      | Reached ***** piety under Uskayaw
 12492 | D:8      | Found a flagged portal.
 12748 | Bailey   | Entered a bailey
 13061 | D:8      | Noticed Harold
 13062 | D:8      | Noticed Erica
 13083 | D:8      | Killed Harold
 13083 | D:8      | Reached skill level 5 in Armour
 13123 | D:8      | Noticed a two-headed ogre
 13150 | D:8      | Killed a two-headed ogre
 13150 | D:8      | Reached XP level 11. HP: 69/69 MP: 15/15
 13173 | D:8      | Killed Erica
 13280 | D:8      | Reached skill level 5 in Invocations
 13331 | D:8      | Noticed Joseph
 13371 | D:8      | Killed Joseph
 13405 | D:8      | Paralysed by a hornet for 2 turns
 13426 | D:8      | Paralysed by a hornet for 1 turns
 13428 | D:8      | Slain by a hornet

Vault maps used:
D:1:      shiori_angband_town
D:2:      first_ration, st_stairs_9, uniq_sigmund
D:3:      chequers_serial_rivers_large_a
D:4:      nemelex_xobeh_ov_fountains_minmay
D:5:      nicolae_overflow_crystal_walls, cheibrodos_sewer_entry_sluice,
          basic_altar
D:6:      cheibrodos_barr_body, serial_shops, shop
D:7:      kennysheep_mini_moat, minmay_temple_entry_mist
D:8:      serial_shops, shop, enter_bailey_2, the_bakery, serial_park_tiny_1,
          nicolae_wwwww, uniq_erica, uniq_joseph, uniq_harold
Temple:   regret_index_temple_sphere_string
Sewer:    sewer_co_scattered_pipes
Bailey:   bailey_polearm_gnolls_kennysheep, bailey

Skill      XL: |  1  2  3  4  5  6  7  8  9 10 11 |
---------------+----------------------------------+-----
Short Blades   | 3 4 5 6 8 10 | 10.0
Dodging        | 2 3 4 5 |  5.0
Stealth        | 6 7 8 10 | 10.0
Fighting       | 3 4 5 6 8 9 |  9.3
Armour         | 1 3 5 |  5.9
Evocations     | 1 4 6 |  6.0
Invocations    | 4 5 |  5.2
Throwing       | |  2.1

Action                   |  1- 3 |  4- 6 |  7- 9 | 10-12 || total
-------------------------+-------+-------+-------+-------++-------
Melee: Dagger            |    70 |   167 |  1930 |   493 ||  2660
       Blowgun           |       |       |     1 |       ||     1
 Fire: Blowgun           |       |     6 |    52 |    24 ||    82
Throw: Stone             |       |     4 |     4 |     3 ||    11
       Throwing net      |       |       |       |     1 ||     1
Invok: Stomp             |       |       |       |     3 ||     3
  Use: Scroll            |       |       |    10 |     3 ||    13
       Potion            |       |       |       |     3 ||     3
 Stab: Sleeping          |     9 |     8 |    25 |     7 ||    49
       Distracted        |       |     1 |     1 |     1 ||     3
       Paralysed         |       |       |       |    12 ||    12
  Eat: Chunk             |     8 |     6 |    26 |    10 ||    50
Armor: Robe              |    17 |    16 |    40 |       ||    73
       Troll leather arm |       |       |    32 |    11 ||    43
       Ring mail         |       |       |       |    55 ||    55
Dodge: Dodged            |    38 |    92 |   348 |   196 ||   674

Table legend:
 A = Non-vault XP
 B = Vault XP
 C = Vault XP percentage of total XP
 D = Non-vault monster count
 E = Vault monster count
 F = Vault count percentage of total count
                 A         B        C        D         E       F
            +---------+---------+-------+---------+---------+-------
      Total |    6108 |    3996 |  39.5 |     182 |      47 |  20.5
            +---------+---------+-------+---------+---------+-------
        D:1 |      69 |       0 |   0.0 |      23 |       0 |   0.0
        D:2 |     109 |     227 |  67.6 |      19 |       3 |  13.6
        D:3 |     184 |       0 |   0.0 |      35 |       0 |   0.0
        D:4 |     368 |       0 |   0.0 |      19 |       0 |   0.0
        D:5 |     539 |      52 |   8.8 |      15 |       4 |  21.1
        D:6 |    1361 |     946 |  41.0 |      28 |      11 |  28.2
        D:7 |    1265 |       0 |   0.0 |      17 |       0 |   0.0
        D:8 |    2213 |    2600 |  54.0 |      26 |       4 |  13.3
      Sewer |       0 |      58 | 100.0 |       0 |      21 | 100.0
     Bailey |       0 |     113 | 100.0 |       0 |       4 | 100.0
            +---------+---------+-------+---------+---------+-------
